 Dungeon Crawl Stone Soup version 0.28-a0-1510-gd0f6b136d3 (webtiles) character file.

Game seed: 2317098983043850651

1215 oldriver the Ducker (level 8, -8/64 HPs)
             Began as a Gnoll Gladiator on Jan 14, 2022.
             Was an Initiate of Gozag.
             Killed by divine providence
             ... invoked by an orc priest
              (13 damage)
             ... on level 5 of the Dungeon.
             The game lasted 00:05:49 (5487 turns).

oldriver the Ducker (Gnoll Gladiator)               Turns: 5487, Time: 00:05:49

Health: -8/64      AC:  6    Str: 16    XL:     8   Next: 46%
Magic:  12/12      EV: 15    Int:  7    God:    Gozag
Gold:   308        SH:  0    Dex: 14    Spells: 13/13 levels left

rFire   . . .      SeeInvis +   p - +2 short sword (venom)
rCold   . . .      Faith    .   (no shield)
rNeg    . . .      Spirit   .   l - +0 leather armour of Ornamental Beauty {SInv}
rPois   .          Reflect  .   c - +1 helmet
rElec   .          Harm     .   (no cloak)
rCorr   .          Rampage  .   m - +0 pair of gloves
Will    .....                   (no boots)
Stlth   ++........              (no amulet)
HPRegen 0.20/turn               b - ring of see invisible
MPRegen 0.13/turn               (no ring)

@: no status effects
A: fangs 1, strong nose, distributed training
a: Renounce Religion, Potion Petition, Call Merchant, Bribe Branch


You were on level 5 of the Dungeon.
You worshipped Gozag.
Gozag was aware of your devotion.
You visited 2 branches of the dungeon, and saw 8 of its levels.
You also visited: Ossuary.

You collected 448 gold pieces.
You paid 140 gold pieces to Gozag.

Inventory:

Hand Weapons
 k - a +1 dagger of flaming
 p - a +2 short sword of venom (weapon)
Missiles
 d - 4 throwing nets (quivered)
Armour
 c - a +1 helmet (worn)
 l - the +0 leather armour of Ornamental Beauty (worn) {SInv}
   (You found it on level 2 of the Dungeon)

   SInv:      It lets you see invisible.
 m - a +0 pair of gloves (worn)
Jewellery
 b - a ring of see invisible (left hand)
Wands
 e - a wand of iceblast (9)
 n - a wand of polymorph (2)
Scrolls
 a - a scroll of amnesia
 f - a scroll of brand weapon
 h - a scroll of enchant armour
 i - 2 scrolls of identify
 t - a scroll of teleportation
 u - a scroll of summoning
Potions
 g - a potion of magic
 j - 3 potions of curing {unknown}
 o - a potion of degeneration {unknown}
 q - 2 potions of mutation {unknown}
 r - a potion of haste {unknown}
 s - a potion of berserk rage {unknown}


   Skills:
 + Level 5.7 Fighting
 + Level 3.3 Short Blades
 + Level 7.4 Long Blades
 + Level 3.3 Axes
 + Level 3.3 Maces & Flails
 + Level 3.3 Polearms
 + Level 3.3 Staves
 + Level 3.3 Slings
 + Level 3.3 Bows
 + Level 3.3 Crossbows
 + Level 5.7 Throwing
 + Level 3.3 Armour
 + Level 7.4 Dodging
 + Level 3.3 Stealth
 + Level 3.3 Shields
 + Level 3.3 Unarmed Combat
 + Level 3.3 Spellcasting
 + Level 2.6 Conjurations
 + Level 2.6 Hexes
 + Level 2.6 Summonings
 + Level 2.6 Necromancy
 + Level 2.6 Translocations
 + Level 2.6 Transmutations
 + Level 2.6 Fire Magic
 + Level 2.6 Ice Magic
 + Level 2.6 Air Magic
 + Level 2.6 Earth Magic
 + Level 2.6 Poison Magic
 + Level 3.6 Invocations
 + Level 3.3 Evocations


You had 13 spell levels left.
You didn't know any spells.
Your spell library was empty.

Dungeon Overview and Level Annotations

Branches:
Dungeon (7/15)             Temple (1/1) D:6         Ossuary (visited)

Altars:
Dithmenos
Elyvilon
Gozag
Makhleb
Trog
Vehumet
Wu Jian


Innate Abilities, Weirdness & Mutations

You have very sharp teeth.
Your uncanny sense of smell can sniff out nearby items.
Your experience applies equally to all skills.


Message History

The orc wizard looks as sick as possible!
The orc wizard is severely wounded.
The orc wizard hits you with a +0 dagger.
The orc priest looks satisfied for a moment.
You hit the orc wizard.
The orc wizard is almost dead.
The centaur is distracted by your dazzling golden aura.
The orc wizard points at you and mumbles some strange words.
The puff of flame hits you.
An orc comes into view. It is wielding a +0 whip.
The centaur shouts!
You hear a shout!
You kill the orc wizard!
The centaur is no longer distracted by gold.
The centaur wields a +0 shortbow.
The centaur shoots an arrow.
The arrow hits you!
The orc priest is distracted by your dazzling golden aura.
The centaur shoots an arrow.
The arrow misses you.
The orc priest shouts!
You hear a shout!
The centaur shoots an arrow.
The arrow completely misses you.
The orc priest is no longer distracted by gold.
An orc wizard comes into view. It is wielding a +0 dagger.
The orc priest calls down the wrath of Beogh upon you.
Beogh smites you!
The centaur shoots an arrow.
The arrow hits you! The orc wizard casts a spell at you.
The puff of flame hits you.
* * * LOW HITPOINT WARNING * * *
The orc closely misses you.
The centaur shoots an arrow.
The arrow completely misses you.
The centaur shoots an arrow.
The arrow barely misses you.
The orc priest invokes the aid of Beogh against you.
Beogh smites you!
* * * LOW HITPOINT WARNING * * *
There is a stone staircase leading down here.
The orc priest mumbles some strange prayers to Beogh against you.
Beogh smites you!
You die...
Your body crumbles into a pile of gold.

#...# #....####
#.#.###$....).#
..####...oc$.o.....#
.....o....####.....#
.......o.......c...#
........o..........#
.########....o.)...#
#......o#########
.........@........
##........########
####..#..# ##.#..#
#.#..# #....########
##..........#
#..........#
##.........#


You could see a centaur, 2 orc priests and an orc.

Vanquished Creatures
  Sigmund (D:2)
  2 ogres (D:5)
  A necrophage (D:6)
  A phantom (D:4)
  A kobold brigand (D:6)
  2 scorpions
  2 water moccasin zombies (Ossuary)
  2 water moccasin skeletons
  A centaur zombie (D:6)
  A hound (D:6)
  A jelly (D:7)
  2 orc wizards
  2 mummies (Ossuary)
  A gnoll (D:4)
  4 adders
  7 adder zombies (Ossuary)
  An adder skeleton (D:2)
  2 worms (D:2)
  2 dart slugs (D:2)
  5 orcs
  3 ball pythons
  5 endoplasms
  4 giant cockroaches
  8 gnoll zombies (Ossuary)
  5 goblins
  6 hobgoblins
  7 jackals
  4 quokkas
  4 bats
  3 frilled lizards
  6 hobgoblin zombies (Ossuary)
  9 kobolds
  2 kobold zombies (Ossuary)
  4 orc zombies (Ossuary)
  6 rats
117 creatures vanquished.

Vanquished Creatures (others)
  A hound skeleton (D:4)
  2 plants (D:1)
  4 toadstools (D:1)
7 creatures vanquished.

Grand Total: 124 creatures vanquished

Notes
Turn   | Place    | Note
-------+----------+-------------------------------------------
     0 | D:1      | oldriver the Gnoll Gladiator began the quest for the Orb.
     0 | D:1      | Reached XP level 1. HP: 20/20 MP: 1/1
   432 | D:1      | Reached XP level 2. HP: 26/26 MP: 2/2
   778 | D:1      | Found a faded altar of an unknown god.
  1021 | D:1      | Reached XP level 3. HP: 30/31 MP: 3/3
  1319 | D:2      | Noticed Sigmund
  1488 | D:2      | Reached skill level 1 in Invocations
  1702 | D:2      | Killed Sigmund
  1703 | D:2      | Reached skill level 1 in Short Blades
  1703 | D:2      | Reached skill level 1 in Axes
  1703 | D:2      | Reached skill level 1 in Maces & Flails
  1703 | D:2      | Reached skill level 1 in Polearms
  1703 | D:2      | Reached skill level 1 in Staves
  1703 | D:2      | Reached skill level 1 in Slings
  1703 | D:2      | Reached skill level 1 in Bows
  1703 | D:2      | Reached skill level 1 in Crossbows
  1703 | D:2      | Reached skill level 1 in Armour
  1703 | D:2      | Reached skill level 1 in Stealth
  1703 | D:2      | Reached skill level 1 in Shields
  1703 | D:2      | Reached skill level 1 in Unarmed Combat
  1703 | D:2      | Reached skill level 1 in Spellcasting
  1703 | D:2      | Reached skill level 1 in Conjurations
  1703 | D:2      | Reached skill level 1 in Hexes
  1703 | D:2      | Reached skill level 1 in Summonings
  1703 | D:2      | Reached skill level 1 in Necromancy
  1703 | D:2      | Reached skill level 1 in Translocations
  1703 | D:2      | Reached skill level 1 in Transmutations
  1703 | D:2      | Reached skill level 1 in Fire Magic
  1703 | D:2      | Reached skill level 1 in Ice Magic
  1703 | D:2      | Reached skill level 1 in Air Magic
  1703 | D:2      | Reached skill level 1 in Earth Magic
  1703 | D:2      | Reached skill level 1 in Poison Magic
  1703 | D:2      | Reached skill level 1 in Evocations
  1703 | D:2      | Reached XP level 4. HP: 24/38 MP: 4/6
  1703 | D:2      | Reached XP level 5. HP: 27/43 MP: 4/7
  2332 | D:2      | Identified the +0 leather armour of Ornamental Beauty
                  | {SInv}
  2581 | D:3      | Reached XP level 6. HP: 50/50 MP: 8/8
  3669 | D:4      | Reached skill level 5 in Fighting
  3669 | D:4      | Reached skill level 5 in Throwing
  3909 | D:4      | Found a radiant altar of Vehumet.
  3942 | D:4      | You fall into a shaft and drop 3 floors!
  3942 | D:7      | Noticed a necrophage
  3961 | D:7      | Reached XP level 7. HP: 46/56 MP: 10/10
  4176 | D:6      | Found a staircase to the Ecumenical Temple.
  4184 | Temple   | Entered the Ecumenical Temple
  4200 | Temple   | Became a worshipper of Gozag Ym Sagoz the Greedy
  4454 | D:6      | Found a sand-covered staircase.
  4462 | Ossuary  | Entered an ossuary
  4598 | Ossuary  | Reached XP level 8. HP: 49/63 MP: 12/12
  5253 | D:5      | Entered Level 5 of the Dungeon
  5487 | D:5      | Killed from afar by an orc priest

Illustrated notes

Levels and vault maps discovered:
D:1:      ldierk_water_garden, layout_loops_corners,
          hellmonk_ecumenical_altar_lost_god, serial_bayou_lagoon_a
D:2:      layout_rooms, kennysheep_big_empty_room, minmay_heptomino_d4,
          uniq_sigmund
D:3:      minmay_wonky_spiral, layout_basic
D:4:      lemuel_castle_with_subvaults [lemuel_castle_interior_carwin_2],
          layout_basic, mainiacjoe_overflow_small_starburst,
          fiery_altar_vehumet, doesnt_xom_only_xom
D:5:      minmay_spotlight, layout_basic, pf_just_have_faith, uniq_menkaure,
          uniq_duvessa
D:6:      layout_loops_ring, zin_statuary, mainiacjoe_overflow_six_doors_small,
          temple_green, nicolae_ossuary_entry_monument, minmay_misc_feat_doors,
          minmay_misc_feat_rugged
D:7:      layout_basic, enter_bailey_6, uniq_maggie
Temple:   regret_index_temple_waves

Skill      XL: |  1  2  3  4  5  6  7  8 |
---------------+-------------------------+-----
Invocations    | 1 2 3 |  3.6
Short Blades   | 1 2 3 |  3.3
Axes           | 1 2 3 |  3.3
Maces & Flails | 1 2 3 |  3.3
Polearms       | 1 2 3 |  3.3
Staves         | 1 2 3 |  3.3
Slings         | 1 2 3 |  3.3
Bows           | 1 2 3 |  3.3
Crossbows      | 1 2 3 |  3.3
Armour         | 1 2 3 |  3.3
Stealth        | 1 2 3 |  3.3
Shields        | 1 2 3 |  3.3
Unarmed Combat | 1 2 3 |  3.3
Spellcasting   | 1 2 3 |  3.3
Conjurations   | 1 2 |  2.6
Hexes          | 1 2 |  2.6
Summonings     | 1 2 |  2.6
Necromancy     | 1 2 |  2.6
Translocations | 1 2 |  2.6
Transmutations | 1 2 |  2.6
Fire Magic     | 1 2 |  2.6
Ice Magic      | 1 2 |  2.6
Air Magic      | 1 2 |  2.6
Earth Magic    | 1 2 |  2.6
Poison Magic   | 1 2 |  2.6
Evocations     | 1 2 3 |  3.3
Fighting       | 5 |  5.7
Throwing       | 5 |  5.7
Long Blades    | 7 |  7.4
Dodging        | 7 |  7.4

Action                   |  1- 3 |  4- 6 |  7- 9 || total
-------------------------+-------+-------+-------++-------
Melee: Long sword        |    54 |       |       ||    54
       Bite              |    12 |    16 |    32 ||    60
       Punch             |     4 |     2 |    16 ||    22
       Dagger            |    74 |    64 |       ||   138
       Short sword       |       |    84 |   246 ||   330
  Use: Scroll            |     5 |     4 |     3 ||    12
       Potion            |       |       |     2 ||     2
 Stab: Sleeping          |     1 |     2 |     2 ||     5
Armor: Leather armour    |    37 |    31 |    79 ||   147
Dodge: Dodged            |   111 |    89 |   160 ||   360

Table legend: (Time is in decaauts)
 A = Elapsed time spent in this place.
 B = Non-inter-level travel time spent in this place.
 C = Inter-level travel time spent in this place.
 D = Time resting spent in this place.
 E = Time spent auto-exploring this place.
 F = Levels seen in this place.
 G = Mean time per level.
                   A        B        C        D        E       F      G
               +--------+--------+--------+--------+--------+-----+--------+
         Total |   5483 |   5211 |    272 |    901 |   3106 |   9 |  609.2 |
       Dungeon |   4731 |   4459 |    272 |    614 |   2855 |   7 |  675.9 |
        Temple |     30 |     30 |      0 |      0 |      0 |   1 |   30.0 |
       Ossuary |    721 |    721 |      0 |    287 |    251 |   1 |  721.0 |
               +--------+--------+--------+--------+--------+-----+--------+

Top non-repeatable levels by time:
     D:1: 1612 daAuts
     D:3: 965 daAuts
     D:2: 893 daAuts
 Ossuary: 721 daAuts
     D:6: 499 daAuts
     D:4: 476 daAuts
     D:5: 232 daAuts
     D:7: 51 daAuts
  Temple: 30 daAuts
